Map: Acropolis LE

Players

daintySPLASH

  • Race: Terran Terran
  • Spawn Location: 11:00

A.I. 1 (Easy) - Winner!

  • Race: Protoss Protoss
  • Spawn Location: 5:00

VOD

Have the link to the VOD?

Description

Time

  • Played on: May 23, 2019, 7:11 p.m.
  • Length: 4:25
Show
View Real Time Build Order
Export as new Build Order

daintySPLASH Terran 

Build Orders:  

Get SALT Encoding   

  12  0:02  SCV  
  14  0:14  SCV  
  14  0:20  Supply Depot  
  14  0:26  SCV  
  14  0:28  Refinery  
  15  0:43  Barracks  
  15  0:44  SCV  
  16  0:59  SCV  
  17  1:11  SCV  
  18  1:29  Orbital Command  
  18  1:31  Marine  
  19  1:41  Command Center  
  19  1:49  Barracks Reactor  
  19  2:01  Factory  
  19  2:05  SCV  
  20  2:25  Marine  
  20  2:26  Marine  
  20  2:27  SCV  
  23  2:37  Supply Depot  
  23  2:50  Starport  
  23  2:51  Factory Tech Lab  
  23  2:52  Marine x2  
  23  2:53  SCV  
  26  2:59  Refinery  
  26  3:05  SCV  
  28  3:07  Orbital Command  
  28  3:10  Marine x2  
  29  3:18  Siege Tank  
  32  3:26  SCV  
  33  3:28  Marine x2  
  35  3:34  Supply Depot  
  35  3:36  SCV  
  35  3:38  SCV  
  35  3:40  Viking  
  39  3:46  Marine x2  
  44  4:04  Marine x2  
Show
View Real Time Build Order
Export as new Build Order

A.I. 1 (Easy) Protoss - Winner!

Build Orders:  

Get SALT Encoding   

  12  0:00  Probe  
  13  0:13  Probe  
  14  0:20  Pylon  
  14  0:25  Probe  
  15  0:34  Probe  
  16  0:44  Assimilator  
  16  0:51  Gateway  
  16  0:53  Pylon  
  16  1:17  Assimilator  
  16  1:31  Zealot  
  16  1:42  Cybernetics Core  
  19  1:47  Probe  
  19  2:00  Pylon  
  19  2:01  Probe  
  20  2:08  Warp Gate  
  20  2:09  Probe  
  21  2:18  Probe  
  21  2:19  Adept  
  24  2:30  Probe  
  25  2:42  Probe  
  26  2:49  Adept  
  28  3:19  Stalker  
Tags
 
Matchup
PvT
Spawn Locations
Cross Positions
Add a new tag
Caveats
  • Supply blocks, unpowered buildings, or Contaminate may cause inaccurate times.
  • Supply counts are checked every 10 seconds.